 Dungeon Crawl Stone Soup version 0.30.1-4-g462c640d31 (webtiles) character file.

Game seed: 2149140019198863638

1437 rvierbuc the Conjurer (level 8, -3/59 HPs)
             Began as a Demigod Conjurer on Aug 20, 2023.
             Shot with an arrow by a centaur (13 damage)
             ... on level 6 of the Dungeon.
             The game lasted 00:40:15 (6137 turns).

rvierbuc the Conjurer (Demigod Conjurer)            Turns: 6137, Time: 00:40:16

Health: -3/59      AC: 10    Str:  8    XL:     8   Next: 21%
Magic:  2/17       EV: 11    Int: 28    God:
Gold:   466        SH:  0    Dex: 16    Spells: 3/15 levels left

rFire   . . .        z - +2 war axe (pain)
rCold   . . .        (no shield)
rNeg    . . .        u - +3 ring mail of Salvation {Dex+4}
rPois   .            (no helmet)
rElec   .            l - +0 cloak
rCorr   .            H - +0 pair of gloves
SInv    .            (no boots)
Will    .....        (no amulet)
Stlth   +            (no ring)
HPRegen 0.29/turn    (no ring)
MPRegen 0.15/turn

%: no passive effects
@: no status effects
A: high MP 1, forlorn, divine attributes
a: no special abilities


You were on level 6 of the Dungeon.
You visited 1 branch of the dungeon, and saw 8 of its levels.
You also visited: Ossuary.

You collected 466 gold pieces.

Inventory:

Hand Weapons
 i - a +1 war axe of electrocution
 k - a +2 whip of electrocution
 p - a +2 whip of holy wrath
 z - a +2 war axe of pain (weapon)
 E - a +0 spear of freezing
Missiles
 h - 5 atropa-tipped darts
 n - 13 poisoned darts
Armour
 a - a +0 robe
 b - a +2 plate armour of positive energy
 l - a +0 cloak (worn)
 u - the +3 ring mail of Salvation (worn) {Dex+4}
   (You found it on level 4 of the Dungeon)

   Dex:       It affects your dexterity (+4).
 H - a +0 pair of gloves (worn)
Jewellery
 e - a ring of resist corrosion
 s - an amulet of guardian spirit
 F - a ring of poison resistance
Wands
 C - a wand of paralysis (8)
Scrolls
 c - 5 scrolls of identify
 g - 2 scrolls of fear
 j - 3 scrolls of teleportation
 t - a scroll of magic mapping
 w - a scroll of immolation {unknown}
 x - a scroll of silence {unknown}
 y - a scroll of amnesia {unknown}
 B - a scroll of fog {unknown}
 G - a scroll of enchant armour {unknown}
Potions
 d - 2 potions of attraction
 f - 4 potions of lignification {unknown}
 m - 2 potions of invisibility
 o - 4 potions of haste
 q - 2 potions of curing
 r - 4 potions of heal wounds
 v - 3 potions of degeneration
 A - a potion of brilliance {unknown}
 D - a potion of cancellation
 I - 2 potions of might {unknown}


   Skills:
 + Level 1.4 Fighting
 + Level 2.1 Axes
 - Level 0.1(1.2) Maces & Flails
 + Level 2.8 Armour
 + Level 3.2 Dodging
 - Level 2.0 Stealth
 - Level 1.2 Unarmed Combat
 - Level 4.1 Spellcasting
 + Level 6.6 Conjurations
 * Level 3.1 Air Magic


You had 3 spell levels left.
You knew the following spells:

 Your Spells              Type           Power      Damage    Failure   Level
a - Magic Dart            Conj           100%       1d8       1%          1
b - Searing Ray           Conj           86%        2d7       1%          2
c - Swiftness             Air            23%        N/A       17%         3
d - Passwall              Tmut/Erth      4%         N/A       32%         2
e - Fulminant Prism       Conj/Hex       12%        3d8       47%         4

Your spell library contained the following spells:

 Spells                   Type           Power      Damage    Failure   Level
 Dazzling Flash           Conj/Hex       48%        N/A       16%         3
 Beastly Appendage        Tmut           10%        N/A       22%         1
 Ensorcelled Hibernation  Hex/Ice        10%        N/A       32%         2
 Lesser Beckoning         Tloc           10%        N/A       32%         2
 Wereblood                Tmut           5%         N/A       32%         2
 Gell's Gravitas          Tloc           5%         N/A       54%         3
 Portal Projectile        Hex/Tloc       10%        N/A       54%         3
 Spider Form              Tmut/Pois      5%         N/A       54%         3
 Teleport Other           Tloc           5%         N/A       54%         3
 Tukima's Dance           Hex            5%         N/A       54%         3
 Iskenderun's Mystic Bla  Conj/Tloc      24%        2d7       47%         4
 Blade Hands              Tmut           2%         N/A       99%         5


Dungeon Overview and Level Annotations

Branches:
Dungeon (8/15)             Temple (0/1) D:4         Ossuary (visited)
   Lair: D:8-11


Innate Abilities, Weirdness & Mutations

You have an increased reservoir of magic. (+10% MP)
You shall have no god before yourself.
Your divine heritage dramatically boosts your attributes as you level up.


Message History

The centaur shoots an arrow.
The arrow closely misses you.
The magic dart hits the centaur.
The centaur is moderately wounded.
The centaur shoots an arrow.
The arrow hits you!
The centaur shoots an arrow.
The arrow hits you.
The magic dart hits the centaur but does no damage.
The centaur is moderately wounded.
The centaur shoots an arrow.
The arrow hits you!
The centaur shoots an arrow.
The arrow hits you.
The centaur shoots an arrow.
The arrow hits you but does no damage.
Unknown command.
The centaur shoots an arrow.
The arrow completely misses you.
The centaur shoots an arrow.
The arrow barely misses you.
The centaur shoots an arrow.
The arrow hits you.
Casting: Magic Dart (safe; 1% risk of failure)
Confirm with . or Enter, or press ? or * to list all spells.
Aiming: Searing Ray (safe; 1% risk of failure)
Press: ? - help, Shift-Dir - straight line, f/p - centaur
Aim: a centaur, wielding a +0 shortbow (moderately wounded, 89% to hit)
The searing ray misses the centaur. (Press . to maintain the ray.)
The centaur shoots an arrow.
The arrow hits you but does no damage.
The searing ray hits the centaur.
The centaur is heavily wounded.
The centaur shoots an arrow.
The arrow hits you!
* * * LOW HITPOINT WARNING * * *
The centaur shoots an arrow.
The arrow hits you but does no damage.
The searing ray hits the centaur.
The centaur is severely wounded.
The centaur shoots an arrow.
The arrow barely misses you.
The searing ray hits the centaur.
The centaur is almost dead.
You finish channelling your searing ray.
The centaur shoots an arrow.
The arrow hits you!
* * * LOW HITPOINT WARNING * * *
The centaur shoots an arrow.
The arrow barely misses you.
Welcome back, rvierbuc the Demigod Conjurer.
Press ? for a list of commands and other information.
The centaur shoots an arrow.
The arrow hits you!
You die...

... ... #.# ### #.# #..
...# #.# ##.# #.# #..#
#?# ##.# #.# #..# #.#
##.# #.# #..# #.# ##.#
#.# #.)# #@#
##.###.####..###.#####.#
##........#.............
##........#.............
##........#.####.##..##.
##........#.# #c# ..#
............# #.# .#
###.......#.# #.. .
#.......#.# ### ##


You could see a centaur.

Vanquished Creatures
  An ogre (D:4)
  3 phantoms (D:7)
  A bullfrog (D:7)
  A scorpion (D:6)
  3 water moccasin zombies (Ossuary)
  A wight (D:7)
  4 killer bees (D:8)
  A howler monkey (D:4)
  A jelly (D:6)
  2 orc priests
  A sleepcap (D:6)
  An iguana (D:4)
  2 orc wizards
  2 mummies (Ossuary)
  4 gnolls (D:6)
  17 adders
  2 white imps
  An ufetubus (D:6)
  5 adder zombies (Ossuary)
  A worm (D:3)
  A dart slug (D:3)
  18 orcs
  7 endoplasms
  7 giant cockroaches
  9 goblins
  6 hobgoblins
  2 jackals (D:5)
  10 kobolds
  4 quokkas
  5 ball pythons
  A bat (D:1)
  8 frilled lizards
  4 gnoll zombies (Ossuary)
  6 hobgoblin zombies (Ossuary)
  6 kobold zombies (Ossuary)
  7 orc zombies (Ossuary)
  9 rats
164 creatures vanquished.

Notes
Turn   | Place    | Note
-------+----------+-------------------------------------------
     0 | D:1      | rvierbuc the Demigod Conjurer began the quest for the Orb.
     0 | D:1      | Reached XP level 1. HP: 14/14 MP: 5/5
   232 | D:1      | Reached skill level 4 in Conjurations
   360 | D:1      | Reached XP level 2. HP: 20/20 MP: 4/7
  1166 | D:2      | Reached XP level 3. HP: 8/26 MP: 5/8
  1313 | D:2      | Learned a level 2 spell: Searing Ray
  1317 | D:2      | Learned a level 3 spell: Swiftness
  1383 | D:2      | Reached skill level 1 in Unarmed Combat
  1396 | D:2      | HP: 1/26 [adder (3)]
  1900 | D:2      | Reached XP level 4. HP: 33/33 MP: 7/10
  2313 | D:3      | Reached XP level 5. HP: 38/38 MP: 2/11
  2479 | D:3      | Reached skill level 5 in Conjurations
  3104 | D:4      | Identified the +3 ring mail of Salvation {Dex+4}
  3302 | D:4      | Noticed an ogre
  3309 | D:4      | Killed an ogre
  3310 | D:4      | Reached XP level 6. HP: 25/46 MP: 6/14
  3551 | D:4      | Found a staircase to the Ecumenical Temple.
  3671 | D:5      | Entered Level 5 of the Dungeon
  3861 | D:5      | You fall into a shaft and drop 2 floors!
  3996 | D:7      | Reached skill level 1 in Air Magic
  4224 | D:7      | Reached XP level 7. HP: 51/51 MP: 7/16
  4341 | D:7      | Found a sand-covered staircase.
  4346 | Ossuary  | Entered an ossuary
  4492 | Ossuary  | Reached skill level 6 in Conjurations
  4509 | Ossuary  | Reached skill level 1 in Armour
  5233 | D:7      | Identified the +2 great sword of Uncomfortable Rashes
                  | {flame, Fly rElec Will++ Int-5}
  5444 | D:7      | Learned a level 2 spell: Passwall
  5487 | D:7      | Learned a level 4 spell: Fulminant Prism
  5537 | D:8      | Reached skill level 1 in Fighting
  5537 | D:8      | Reached XP level 8. HP: 36/59 MP: 7/17
  5691 | D:7      | Reached skill level 1 in Axes
  6137 | D:6      | Shot with an arrow by a centaur

Illustrated notes

Levels and vault maps discovered:
D:1:      lightli_arrival_isolated_outpost, layout_loops_ring,
          minmay_fountain_box
D:2:      layout_basic, dreamdust_ecumenical_altar_statues, minmay_octomino_j4
D:3:      layout_rooms
D:4:      kennysheep_big_flooded_room, layout_rooms, minmay_temple_entry_hall,
          minmay_misc_feat_diagonals, minmay_lizard_king
D:5:      layout_basic, grunt_temple_overflow_diamond,
          nicolae_concentric_dashed_squares_mild, serial_bayou_lake_a,
          uniq_edmund
D:6:      layout_loops_ring, guppyfry_shop_venom
D:7:      corexii_shack_village, layout_loops_cross,
          nemelex_xobeh_ov_fountains_minmay, enter_ossuary_2,
          due_unseen_surprise
D:8:      layout_loops_cross, minmay_overflow_temple_star_hex,
          minmay_hedge_maze, uniq_joseph

Skill      XL: |  1  2  3  4  5  6  7  8 |
---------------+-------------------------+-----
Conjurations   | 4 5 6 |  6.6
Spellcasting   | 2 3 4 |  4.1
Dodging        | 2 3 |  3.2
Unarmed Combat | 1 |  1.2
Stealth        | 2 |  2.0
Air Magic      | 1 3 |  3.1
Armour         | 2 |  2.8
Fighting       | 1 |  1.4
Axes           | 2 |  2.1
Maces & Flails | |  0.1

Action                     |  1- 3 |  4- 6 |  7- 9 || total
---------------------------+-------+-------+-------++-------
  Melee: Unarmed           |    21 |       |       ||    21
         Whip              |     4 |       |       ||     4
         War axe           |       |    13 |     5 ||    18
   Cast: Magic Dart        |    69 |    83 |     5 ||   157
         Searing Ray       |     2 |    24 |    40 ||    66
         Passwall          |       |       |     2 ||     2
    Use: Potion            |     5 |     1 |       ||     6
         Scroll            |       |     8 |       ||     8
 Armour: Robe              |    13 |     5 |       ||    18
         Ring mail         |       |    20 |    27 ||    47
  Dodge: Dodged            |    36 |    41 |    39 ||   116
